 Dungeon Crawl Stone Soup version 0.28-a0-932-g843f935a50 (webtiles) character file.

Game seed: 14802668990909013050

54 bearlyready the Ducker (level 3, -3/35 HPs)
             Began as a Gnoll Monk on Nov 27, 2021.
             Killed from afar by Jessica (10 damage)
             ... with a puff of flame
             ... on level 2 of the Dungeon.
             The game lasted 00:01:17 (1723 turns).

bearlyready the Ducker (Gnoll Monk)                 Turns: 1723, Time: 00:01:17

Health: -3/35      AC:  5    Str: 11    XL:     3   Next: 91%
Magic:  4/4        EV:  8    Int:  9    God:
Gold:   46         SH: 11    Dex: 14    Spells: 4/4 levels left

rFire   . . .      SeeInvis .   a - +0 falchion
rCold   . . .      Faith    .   j - +0 tower shield
rNeg    . . .      Spirit   .   n - +0 ring mail
rPois   .          Reflect  .   (no helmet)
rElec   .          Harm     .   (no cloak)
rCorr   .          Rampage  .   (no gloves)
Will    .....                   (no boots)
Stlth   ++........              (no amulet)
HPRegen 0.11/turn               (no ring)
MPRegen 0.09/turn               (no ring)

@: no status effects
A: fangs 1, strong nose, distributed training
a: no special abilities


You were on level 2 of the Dungeon.
You visited 1 branch of the dungeon, and saw 2 of its levels.

You collected 46 gold pieces.

Inventory:

Hand Weapons
 a - a +0 falchion (weapon)
Missiles
 e - 44 stones (quivered)
 f - 11 poisoned darts
 p - 29 arrows
 q - 16 sling bullets
Armour
 b - a +0 robe
 j - a +0 tower shield (worn)
 n - a +0 ring mail (worn)
Scrolls
 g - a scroll of immolation {unknown}
 i - a scroll of blinking {unknown}
 l - 2 scrolls of teleportation {unknown}
 m - a scroll of enchant weapon {unknown}
 r - a scroll of magic mapping {unknown}
Potions
 c - 2 potions of lignification {unknown}
 d - 2 potions of degeneration {unknown}
 h - a potion of ambrosia {unknown}
 k - 2 potions of curing
 o - a potion of invisibility {unknown}
 s - a potion of resistance {unknown}


   Skills:
 + Level 6.5 Fighting
 + Level 1.0 Short Blades
 + Level 6.5 Long Blades
 + Level 1.0 Axes
 + Level 1.0 Maces & Flails
 + Level 1.0 Polearms
 + Level 1.0 Staves
 + Level 1.0 Slings
 + Level 1.0 Bows
 + Level 1.0 Crossbows
 + Level 1.0 Throwing
 + Level 1.0 Armour
 + Level 6.5 Dodging
 + Level 4.2 Stealth
 + Level 1.0 Shields
 + Level 1.0 Unarmed Combat
 + Level 1.0 Spellcasting
 + Level 0.7 Conjurations
 + Level 0.7 Hexes
 + Level 0.7 Summonings
 + Level 0.7 Necromancy
 + Level 0.7 Translocations
 + Level 0.7 Transmutations
 + Level 0.7 Fire Magic
 + Level 0.7 Ice Magic
 + Level 0.7 Air Magic
 + Level 0.7 Earth Magic
 + Level 0.7 Poison Magic
 + Level 1.0 Invocations
 + Level 1.0 Evocations


You had 4 spell levels left.
You didn't know any spells.
Your spell library was empty.

Dungeon Overview and Level Annotations

Branches:
Dungeon (2/15)

Altars:

Annotations:
D:2 Jessica


Innate Abilities, Weirdness & Mutations

You have very sharp teeth.
Your uncanny sense of smell can sniff out nearby items.
Your experience applies equally to all skills.


Message History

Your Unarmed Combat skill increases to level 1!
Your Spellcasting skill increases to level 1!
Your Evocations skill increases to level 1!
You see here an adder corpse.
k - 3 fizzy black potions (gained 2)
s - a pink potion
There is a stone staircase leading up here.
Jessica the Apprentice Sorceress comes into view.
She is wielding a +0 club and carrying a wand of flame (19).
A frilled lizard comes into view.
Found a grey potion.
Jessica shouts!
Jessica zaps a wand.
The puff of flame hits you!
Your shield prevents you from hitting Jessica.
Jessica says, "Why did you come here?"
Jessica casts a spell.
Jessica blinks!
Jessica zaps a wand.
The puff of flame hits you!
You aren't carrying any items that you can evoke.
Unknown command.
It was a potion of curing.
You feel better.
You hit Jessica but do no damage. You bite Jessica, but do no damage.
Jessica hits you with a +0 club.
You slash Jessica!
Jessica is severely wounded.
You block Jessica's attack.
Jessica zaps a wand.
You block the puff of flame.
The frilled lizard hisses angrily.
You hit Jessica but do no damage.
Jessica is severely wounded.
Jessica mumbles some strange words.
Jessica seems to speed up.
You hit Jessica but do no damage. Your bite misses Jessica.
Jessica is severely wounded.
Jessica points at you and mumbles some strange words.
Pain shoots through your body!
Jessica zaps a wand.
The puff of flame hits you!
* * * LOW HITPOINT WARNING * * *
You hit Jessica but do no damage. Your bite misses Jessica.
Jessica is severely wounded.
Jessica casts a spell at you.
You barely resist.
Jessica zaps a wand.
The puff of flame hits you!
You die...

### #.# #... ##.. ..#
#... ..... #.#
###########... l.... #.#
#.............
....!.#.###.##..........
......#...#.##.#........
...............##.###...
#.####@#.#.#####.# #...
#@#.#.# #.# #...
#.....#.. ..# #...
#.#.###### ### #...
.....# ######.# ###.###
######......# #.
#.......##..#
#.....†.....#
#......).#...
#............


You could see Jessica (fast).

Vanquished Creatures
  An adder (D:2)
  3 dart slugs
  4 endoplasms
  2 giant cockroaches (D:2)
  3 goblins
  5 hobgoblins
  4 jackals (D:2)
  2 quokkas (D:2)
  2 ball pythons (D:2)
  4 bats
  A frilled lizard (D:2)
  2 kobolds
33 creatures vanquished.

Notes
Turn   | Place    | Note
-------+----------+-------------------------------------------
     0 | D:1      | bearlyready the Gnoll Monk began the quest for the Orb.
     0 | D:1      | Reached XP level 1. HP: 23/23 MP: 1/1
   321 | D:1      | Reached XP level 2. HP: 25/29 MP: 2/2
   822 | D:2      | Reached XP level 3. HP: 16/35 MP: 3/3
  1286 | D:2      | Reached skill level 1 in Invocations
  1525 | D:2      | Found a faded altar of an unknown god.
  1538 | D:2      | Reached skill level 1 in Short Blades
  1538 | D:2      | Reached skill level 1 in Axes
  1538 | D:2      | Reached skill level 1 in Maces & Flails
  1538 | D:2      | Reached skill level 1 in Polearms
  1538 | D:2      | Reached skill level 1 in Staves
  1538 | D:2      | Reached skill level 1 in Slings
  1538 | D:2      | Reached skill level 1 in Bows
  1538 | D:2      | Reached skill level 1 in Crossbows
  1538 | D:2      | Reached skill level 1 in Throwing
  1538 | D:2      | Reached skill level 1 in Armour
  1538 | D:2      | Reached skill level 1 in Shields
  1538 | D:2      | Reached skill level 1 in Unarmed Combat
  1538 | D:2      | Reached skill level 1 in Spellcasting
  1538 | D:2      | Reached skill level 1 in Evocations
  1714 | D:2      | Noticed Jessica
  1723 | D:2      | Killed from afar by Jessica

Illustrated notes

Levels and vault maps discovered:
D:1:      saegor_arrival_simple_a, layout_loops_cross
D:2:      minmay_evil_eye, layout_loops_cross,
          shapermc_ecumenical_altar_starsandcircs, uniq_jessica

Skill      XL: |  1  2  3 |
---------------+----------+-----
Invocations    | 1 |  1.0
Short Blades   | 1 |  1.0
Axes           | 1 |  1.0
Maces & Flails | 1 |  1.0
Polearms       | 1 |  1.0
Staves         | 1 |  1.0
Slings         | 1 |  1.0
Bows           | 1 |  1.0
Crossbows      | 1 |  1.0
Throwing       | 1 |  1.0
Armour         | 1 |  1.0
Shields        | 1 |  1.0
Unarmed Combat | 1 |  1.0
Spellcasting   | 1 |  1.0
Evocations     | 1 |  1.0
Fighting       | |  6.5
Long Blades    | |  6.5
Dodging        | |  6.5
Stealth        | |  4.2
Conjurations   | |  0.7
Hexes          | |  0.7
Summonings     | |  0.7
Necromancy     | |  0.7
Translocations | |  0.7
Transmutations | |  0.7
Fire Magic     | |  0.7
Ice Magic      | |  0.7
Air Magic      | |  0.7
Earth Magic    | |  0.7
Poison Magic   | |  0.7

Action                   || total
-------------------------++-------
Melee: Falchion          ||   105
       Bite              ||    12
  Use: Potion            ||     1
 Stab: Sleeping          ||     5
Armor: Robe              ||     7
       Ring mail         ||    13
Dodge: Dodged            ||    39
Block: Tower shield      ||    53

Table legend: (Time is in decaauts)
 A = Elapsed time spent in this place.
 B = Non-inter-level travel time spent in this place.
 C = Inter-level travel time spent in this place.
 D = Time resting spent in this place.
 E = Time spent auto-exploring this place.
 F = Levels seen in this place.
 G = Mean time per level.
                   A        B        C        D        E       F      G
               +--------+--------+--------+--------+--------+-----+--------+
         Total |   1754 |   1708 |     46 |      0 |   1430 |   2 |  877.0 |
       Dungeon |   1754 |   1708 |     46 |      0 |   1430 |   2 |  877.0 |
               +--------+--------+--------+--------+--------+-----+--------+

Top non-repeatable levels by time:
     D:2: 966 daAuts
     D:1: 788 daAuts
